 Dungeon Crawl Stone Soup version 0.21.1-1-g345015fe64 (webtiles) character file.

5166 Dox the Spear-Bearer (level 10, -16/71 HPs)
             Began as a Demonspawn Chaos Knight on Apr 25, 2018.
             Demolished by a white ugly thing (25 damage)
             ... on level 9 of the Dungeon.
             The game lasted 01:03:29 (9717 turns).

Dox the Spear-Bearer (Demonspawn Chaos Knight)      Turns: 9717, Time: 01:03:31

Health: -16/71     AC: 23    Str: 16    XL:     10   Next: 34%
Magic:  11/11      EV:  5    Int: 14    God:    Xom [*.....]
Gold:   573        SH:  4    Dex: 12    Spells: 9/9 levels left

rFire    . . .     SeeInvis .   t - +0 trident
rCold    . . .     Gourm    .   A - +0 buckler
rNeg     . . .     Faith    .   n - +0 plate armour
rPois    .         Spirit   .   (no helmet)
rElec    .         Reflect  .   e - +0 cloak
rCorr    .         Harm     .   (no gloves)
MR       .....                  (no boots)
Stlth    ..........             (no amulet)
HPRegen  0.21/turn              (no ring)
MPRegen  0.12/turn              (no ring)

@: sanguine armour
A: talons 1, demonic guardian 1, frail 1, rot immunity, sanguine armour 2
a: Renounce Religion


You were on level 9 of the Dungeon.
You worshipped Xom.
You were a special plaything of Xom.
You were near starving.

You visited 1 branch of the dungeon, and saw 9 of its levels.

You collected 573 gold pieces.

Inventory:

Hand Weapons
 t - a +0 trident (weapon)
Missiles
 h - 338 stones (quivered)
 z - 17 tomahawks
 E - 5 javelins
Armour
 e - a +0 cloak (worn)
 n - a +0 plate armour (worn)
 A - a +0 buckler (worn)
Magical Staves
 a - an uncursed staff of poison {unknown}
Wands
 w - a wand of iceblast (14)
 H - a wand of paralysis (26)
 I - a wand of acid (15)
Scrolls
 b - a scroll of enchant weapon {unknown}
 d - 3 scrolls of fear {unknown}
 f - 2 scrolls of remove curse {unknown}
 i - 2 scrolls of immolation {unknown}
 l - 5 scrolls of amnesia {unknown}
 m - 2 scrolls of noise {unknown}
 o - 2 scrolls of blinking {unknown}
 q - 3 scrolls of identify {unknown}
 s - a scroll of magic mapping {unknown}
 y - 3 scrolls of enchant armour {unknown}
 B - 3 scrolls of teleportation {unknown}
 C - 2 scrolls of random uselessness {unknown}
 D - a scroll of fog {unknown}
 F - a scroll of silence {unknown}
Potions
 g - a potion of mutation {unknown}
 j - 2 potions of berserk rage {unknown}
 p - 3 potions of invisibility {unknown}
 r - 3 potions of cancellation {unknown}
 v - 2 potions of brilliance {unknown}
 x - 2 potions of ambrosia {unknown}
 G - a potion of lignification {unknown}
 J - a potion of magic {unknown}
Comestibles
 c - 11 rations


   Skills:
 + Level 7.3 Fighting
 + Level 9.7 Polearms
 + Level 3.3 Throwing
 + Level 7.1 Armour
 + Level 1.8 Dodging
 + Level 1.9 Shields
 + Level 2.4 Evocations


You had 9 spell levels left.
You didn't know any spells.

Dungeon Overview and Level Annotations

Branches:
Dungeon (9/15)             Temple (0/1) D:5            Lair (0/6) D:8
    Orc (0/2) D:9

Altars:
Dithmenos
Gozag
Ru
Trog
Uskayaw
Wu Jian
Xom
The Shining One
Beogh
Lugonu

Annotations:
D:9 1 transporter


Innate Abilities, Weirdness & Mutations

You have sharp toenails.
A weak demonic guardian rushes to your aid.
You are immune to rotting.
When seriously injured, your bleeding wounds create thick armour. (AC +9)
You are frail. (-10% HP)


Message History

The small abomination hits you but does no damage.
You closely miss the small abomination.
The small abomination is lightly damaged.
The small abomination hits you but does no damage.
You block something's attack.
You block the white ugly thing's attack.
You puncture the small abomination!
The small abomination is moderately damaged.
Something hits you but does no damage. The small abomination hits you. x2
The white ugly thing pecks you but does no damage.
Something hits you.
You feel better. Something hits you but does no damage.
The small abomination hits you!
* * * LOW HITPOINT WARNING * * *
The small abomination hits you but does no damage.
The white ugly thing pecks you!
* * * LOW HITPOINT WARNING * * *
The white ugly thing freezes you!!
You die...
Xom howls with laughter!

....))# #.# #.......##..###.##
##....# #.# #.......##..# #.#
##..#######.####.......##..###.#
#._.#.....#...............[....##
##.)8.....#.#########...######..#
#..'.....#...# ######©## ##.#
##.8..⌠..#.#.###{.###.# #.#
###.#.....#.#.##.u..#### #.#
....#.....#.#.##@xx.#### # #.#
....#8._.>#.#.###xxu.###...# #.#
....#.....#.#.# ###.......# ##.#
....#.....#.#.# ##.($$.## #..#
....8..⌠..#...# #./_(.# #.##
....'.....##### #.)|).# #..#
....8.....# .....(.# ##.#
....#.....##### ..###.(.# #.#
....#######...# .#####..# #.#


You could see 2 ugly things and 4 small abominations.

Vanquished Creatures
  A two-headed ogre (D:9)
  Joseph (D:8)
  A troll (D:9)
  A yak (D:5)
  A hungry ghost (D:8)
  Eustachio (D:4)
  A steam dragon (D:9)
  2 ice beasts
  4 orc warriors (D:9)
  A phantom (D:6)
  2 sky beasts
  A small abomination (D:9)
  A wolf (D:8)
  5 centaurs
  3 bullfrogs
  2 scorpions
  10 killer bees
  3 wights (D:8)
  3 howler monkeys
  5 crimson imps
  A hound (D:6)
  3 orc priests
  5 jellies
  2 bullfrog skeletons
  2 iguanas (D:7)
  Terence (D:2)
  4 worker ants
  A hound zombie (D:8)
  A hound skeleton (D:7)
  A howler monkey zombie (D:9)
  A worker ant zombie (D:7)
  A howler monkey skeleton (D:7)
  4 gnolls (D:6)
  13 adders
  A river rat (D:3)
  A shadow imp (D:8)
  An ooze (D:1)
  An adder skeleton (D:6)
  5 worms
  6 dart slugs
  4 leopard geckos
  25 orcs
  4 giant cockroaches
  5 goblins
  8 hobgoblins
  13 jackals
  2 quokkas
  8 bats
  7 frilled lizards
  A jackal skeleton (D:6)
  7 kobolds
  6 rats
194 creatures vanquished.

Vanquished Creatures (collateral kills)
  An orc warrior (D:7)
  Blork the orc (D:4)
  A bullfrog (D:6)
  4 killer bees
  A hound (D:7)
  A shadow imp (D:6)
  A leopard gecko (D:7)
  8 orcs
  2 jackals (D:5)
20 creatures vanquished.

Vanquished Creatures (others)
  An orc warrior (D:9)
  An adder (D:5)
2 creatures vanquished.

Grand Total: 216 creatures vanquished

Notes
Turn   | Place    | Note
-------+----------+-------------------------------------------
     0 | D:1      | Dox the Demonspawn Chaos Knight began the quest for the Orb.
     0 | D:1      | Reached XP level 1. HP: 18/18 MP: 1/1
   265 | D:1      | XOM: harmless Summ miscast
   362 | D:1      | Gained mutation: When seriously injured, your bleeding wounds create armour. (AC +9) [demonic ancestry]
   362 | D:1      | Reached XP level 2. HP: 24/24 MP: 2/2
   523 | D:1      | Reached skill level 3 in Polearms
   705 | D:1      | XOM: divination: magic mapping
   762 | D:1      | Reached skill level 1 in Dodging
   846 | D:1      | XOM: mild Fire miscast
   855 | D:1      | Reached XP level 3. HP: 25/29 MP: 3/3
  1357 | D:2      | Noticed Terence
  1371 | D:2      | Killed Terence
  1371 | D:2      | Gained mutation: A weak demonic guardian rushes to your aid. [demonic ancestry]
  1371 | D:2      | Reached XP level 4. HP: 20/37 MP: 4/4
  1471 | D:2      | XOM: harmless Conj miscast
  1673 | D:2      | Found a faded altar of an unknown god.
  1924 | D:3      | Reached skill level 4 in Polearms
  2049 | D:3      | Gained mutation: When seriously injured, your bleeding wounds create thick armour. (AC +9) [demonic ancestry]
  2049 | D:3      | Reached XP level 5. HP: 34/42 MP: 5/5
  2316 | D:3      | Found a bloodstained altar of Trog.
  2460 | D:3      | XOM: butterfly on damage
  2598 | D:3      | XOM: medium Fire miscast
  2786 | D:4      | XOM: give mutations
  2786 | D:4      | Gained mutation: You are weak. (Str -2) [Xom's mischief]
  2786 | D:4      | Gained mutation: You are frail. (-10% HP) [Xom's mischief]
  2786 | D:4      | Gained mutation: You occasionally shout uncontrollably at your foes. [Xom's mischief]
  2786 | D:4      | Lost mutation: You are weak. (Str -2) [Xom's mischief]
  2871 | D:4      | XOM: smoke on damage
  3013 | D:4      | Noticed Blork the orc
  3030 | D:4      | Killed Blork the orc
  3030 | D:4      | Gained mutation: You have sharp toenails. [demonic ancestry]
  3030 | D:4      | Reached XP level 6. HP: 31/43 MP: 6/6
  3124 | D:4      | Noticed Eustachio
  3125 | D:4      | XOM: noise
  3138 | D:4      | XOM: scenery: create altars
  3143 | D:4      | XOM: cast spell 'Cause Fear'
  3147 | D:4      | XOM: confuse monster(s)
  3158 | D:4      | Killed Eustachio
  3158 | D:4      | Reached skill level 5 in Polearms
  3444 | D:5      | Entered Level 5 of the Dungeon
  3444 | D:5      | Noticed a sky beast
  3469 | D:5      | XOM: cast spell 'Cause Fear'
  3472 | D:5      | XOM: enchant monster (good)
  3485 | D:5      | Killed a sky beast
  3485 | D:5      | Reached XP level 7. HP: 10/49 MP: 7/7
  3505 | D:5      | Reached skill level 1 in Throwing
  3511 | D:5      | XOM: confusion (+ monsters)
  3512 | D:5      | XOM: polymorph ufetubus -> white imp
  3591 | D:5      | XOM: scenery: create altars
  3603 | D:5      | Reached skill level 6 in Polearms
  3620 | D:5      | XOM: noise
  3626 | D:5      | XOM: god gift: 49 gold pieces
  3818 | D:5      | XOM: confusion (+ monsters)
  3862 | D:5      | XOM: mild Summ miscast
  3900 | D:5      | Found a hide-covered altar of Uskayaw.
  3900 | D:5      | Found a glowing golden altar of the Shining One.
  3957 | D:5      | Found a staircase to the Ecumenical Temple.
  4060 | D:5      | Reached skill level 5 in Fighting
  4068 | D:5      | Found a shadowy altar of Dithmenos.
  4165 | D:5      | Noticed Prince Ribbit
  4167 | D:5      | Noticed Prince Ribbit
  4167 | D:5      | Prince Ribbit changed into Prince Ribbit the yak
  4167 | D:5      | XOM: polymorph Prince Ribbit -> Prince Ribbit the yak
  4180 | D:5      | Killed Prince Ribbit the yak
  4180 | D:5      | Gained mutation: You are immune to rotting. [demonic ancestry]
  4180 | D:5      | Reached XP level 8. HP: 28/55 MP: 8/8
  4387 | D:6      | Found an opulent altar of Gozag.
  4442 | D:6      | XOM: give mutation
  4442 | D:6      | Lost mutation: You occasionally shout uncontrollably at your foes. [Xom's mischief]
  4536 | D:6      | Reached skill level 7 in Polearms
  4546 | D:6      | XOM: fog
  4563 | D:6      | XOM: silly message
  4639 | D:6      | Found an ornate altar of the Wu Jian Council.
  4733 | D:6      | XOM: harmless Chrm miscast
  4860 | D:6      | XOM: god gift: scroll labeled BOLIL VOCUSHRI {god gift}
  4878 | D:6      | XOM: harmless Erth miscast
  4919 | D:6      | XOM: mild Necr miscast
  5006 | D:6      | Reached skill level 5 in Armour
  5272 | D:7      | XOM: enchant monster (bad)
  5281 | D:7      | Reached skill level 1 in Evocations
  5500 | D:7      | XOM: confusion
  5506 | D:7      | XOM: summons 8 friendly demons
  5646 | D:7      | Reached skill level 1 in Shields
  5775 | D:7      | XOM: mild Erth miscast
  5779 | D:7      | Reached XP level 9. HP: 55/62 MP: 10/10
  6052 | D:7      | Reached skill level 8 in Polearms
  6305 | D:8      | Noticed Joseph
  6325 | D:8      | Killed Joseph
  6544 | D:8      | XOM: cast spell 'Summon Small Mammal'
  6626 | D:8      | Found a staircase to the Lair.
  6835 | D:8      | Noticed Maurice
  6852 | D:8      | Noticed Maurice
  6867 | D:8      | XOM: fog
  6872 | D:8      | Killed Maurice the wolf
  6972 | D:8      | XOM: harmless Chrm miscast
  7266 | D:8      | Found a sacrificial altar of Ru.
  7751 | D:9      | Found a glowing golden altar of the Shining One.
  7835 | D:9      | Noticed a two-headed ogre
  7845 | D:9      | XOM: noise
  7849 | D:9      | XOM: 6-stop teleportation journey
  7912 | D:9      | XOM: cloud trail
  7959 | D:9      | Killed a two-headed ogre
  7959 | D:9      | Reached skill level 9 in Polearms
  7984 | D:9      | Found a transporter.
  8000 | D:9      | Reached XP level 10. HP: 65/69 MP: 11/11
  8031 | D:9      | XOM: summons friendly crimson imp
  8092 | D:9      | XOM: confuse monster(s)
  8222 | D:9      | XOM: cast spell 'Metabolic Englaciation'
  8295 | D:9      | XOM: scenery: create altars
  8410 | D:9      | XOM: god gift: glowing glaive {god gift}
  8615 | D:9      | Found a roughly hewn altar of Beogh.
  8615 | D:9      | Found a staircase to the Orcish Mines.
  8768 | D:9      | XOM: confuse monster(s)
  8775 | D:9      | XOM: god gift: crooked glowing staff {god gift}
  8844 | D:9      | XOM: harmless Hex miscast
  9287 | D:9      | XOM: summons 1 hostile shadow creature
  9375 | D:9      | XOM: summons 5 hostile demons
  9442 | D:9      | Found a corrupted altar of Lugonu.
  9704 | D:9      | Noticed a white ugly thing
  9705 | D:9      | Found a transporter.
  9706 | D:9      | Noticed a red ugly thing
  9717 | D:9      | Demolished by a white ugly thing

Skill      XL: |  1  2  3  4  5  6  7  8  9 10 |
---------------+-------------------------------+-----
Polearms       | 3 4 5 6 7 9 |  9.7
Dodging        | 1 |  1.8
Armour         | 2 3 4 5 6 7 |  7.1
Fighting       | 4 5 6 7 |  7.3
Throwing       | 1 2 3 |  3.3
Evocations     | 2 |  2.4
Shields        | 1 |  1.9

Action                   |  1- 3 |  4- 6 |  7- 9 | 10-12 || total
-------------------------+-------+-------+-------+-------++-------
Melee: Spear             |   169 |   154 |       |       ||   323
       Trident           |       |    87 |   561 |   219 ||   867
       Kick              |       |    11 |   135 |    45 ||   191
Throw: Stone             |     3 |    18 |    97 |    59 ||   177
Evoke: Wand              |       |     2 |     9 |     4 ||    15
  Use: Potion            |       |       |     7 |     2 ||     9
 Stab: Petrified         |     2 |       |     2 |       ||     4
       Confused          |     2 |     4 |       |     1 ||     7
       Paralysed         |     1 |       |     8 |       ||     9
       Distracted        |       |       |     2 |       ||     2
       Petrifying        |       |       |     1 |       ||     1
  Eat: Chunk             |     2 |     6 |    14 |     4 ||    26
       Ration            |       |       |     2 |       ||     2
Armor: Leather armour    |    37 |     3 |       |       ||    40
       Plate armour      |       |   152 |   305 |   115 ||   572
Dodge: Dodged            |    69 |    54 |    99 |    30 ||   252
Block: Buckler           |       |       |    41 |    22 ||    63
